 Dungeon Crawl Stone Soup version 0.25-a0-424-g80bd347ae0 (webtiles) character file.

Game seed: 17509198062752084541, levelgen mode: deterministic

341 Bikalo the Conjurer (level 6, -1/32 HPs)
             Began as a Deep Elf Conjurer on Jan 20, 2020.
             Slain by Duvessa
             ... wielding a +0 short sword
              (8 damage)
             ... on level 4 of the Dungeon.
             The game lasted 00:06:52 (3385 turns).

Bikalo the Conjurer (Deep Elf Conjurer)             Turns: 3385, Time: 00:06:53

Health: -1/32      AC:  6    Str:  5    XL:     6   Next: 30%
Magic:  1/14       EV: 14    Int: 22    God:
Gold:   109        SH:  0    Dex: 15    Spells: 8/14 levels left

rFire    . . .     SeeInvis .   k - +1 dagger (venom)
rCold    . . .     Gourm    .   (no shield)
rNeg     . . .     Faith    .   a - +0 robe
rPois    .         Spirit   .   (no helmet)
rElec    .         Reflect  .   l - +0 cloak
rCorr    .         Harm     .   e - +0 pair of gloves
MR       .....                  (no boots)
Stlth    ++........             (no amulet)
HPRegen  0.10/turn              i - +2 ring of protection
MPRegen  0.14/turn              (no ring)

@: no status effects
A: no striking features
a: no special abilities


You were on level 4 of the Dungeon.
You were hungry.

You visited 1 branch of the dungeon, and saw 4 of its levels.

You collected 109 gold pieces.

Inventory:

Hand Weapons
 k - a +1 dagger of venom (weapon)
Armour
 a - a +0 robe (worn)
 e - a +0 pair of gloves (worn)
 l - a +0 cloak (worn)
Jewellery
 i - a +2 ring of protection (left hand)
 u - an uncursed ring of protection from cold {unknown}
Wands
 n - a wand of random effects (14)
 r - a wand of iceblast (11)
Scrolls
 d - 11 scrolls of identify {unknown}
 m - 2 scrolls of amnesia {unknown}
 s - a scroll of random uselessness {unknown}
 t - a scroll of fog {unknown}
 v - a scroll of magic mapping {unknown}
 w - a scroll of teleportation {unknown}
Potions
 b - 2 potions of resistance {unknown}
 f - 3 potions of cancellation {unknown}
 g - a potion of might {unknown}
 h - 2 potions of agility {unknown}
 j - a potion of curing {unknown}
 o - a potion of brilliance {unknown}
 p - a potion of magic {unknown}
 q - a potion of heal wounds {unknown}
Comestibles
 c - 4 rations


   Skills:
 - Level 0.1 Fighting
 + Level 2.1 Short Blades
 + Level 3.9 Dodging
 - Level 2.4 Stealth
 + Level 4.5 Spellcasting
 * Level 6.4 Conjurations
 - Level 2.0 Hexes


You had 8 spell levels left.
You knew the following spells:

 Your Spells              Type           Power        Failure   Level  Hunger
a - Magic Dart            Conj           ####         1%          1    None
b - Searing Ray           Conj           ####..       1%          2    #......
c - Dazzling Flash        Conj/Hex       ###...       5%          3    ##.....

Your spell library contained the following spells:

 Spells                   Type           Power        Failure   Level  Hunger
 Fulminant Prism          Conj/Hex       ###.......   19%         4    ####...
 Iskenderun's Mystic Bla  Conj/Tloc      ###.....     28%         4    ####...


Dungeon Overview and Level Annotations

Branches:
Dungeon (4/15)
 Temple: D:4-7

Altars:

Annotations:
D:4 Dowan, Duvessa


Message History

(Press . to maintain the ray.)
The orc shouts!
Duvessa barely misses you. Duvessa hits you with a +0 short sword.
Without enough magic to sustain it, your searing ray dissipates.
Dowan is no longer blind.
Duvessa barely misses you. The orc hits you but does no damage.
Duvessa hits you with a +0 short sword. Duvessa closely misses you.
The orc closely misses you.
Casting: Searing Ray (safe; 1% risk of failure)
Confirm with . or Enter, or press ? or * to list all spells.
You don't have enough magic to cast that spell.
Unknown command.
Duvessa is no longer blind.
Dowan mumbles some strange words.
Dowan blinks!
Dowan casts a spell at you. The puff of flame hits you.
* * * LOW HITPOINT WARNING * * *
Duvessa hits you with a +0 short sword!
You die...

#.......########....#
.#...#
#.......#...<..)o...
#...
#....##........e.... .
#...............### .. .
..................# ...
. ................#.#
.... .
................#.#.....
.
...###.......o###.......
. ...#
#......).oe@....... ...#
#.......§o...e.....
...###..................
##......................
#......................
#......................
#......................
#.......#####..........
#.......#


You could see Duvessa, Dowan and 3 orcs.

Vanquished Creatures
  An ogre (D:4)
  A hound (D:4)
  A worker ant (D:4)
  6 gnolls
  3 adders
  2 oozes
  An adder skeleton (D:2)
  4 dart slugs
  3 worms
  4 leopard geckos
  5 orcs
  A ball python (D:4)
  7 bats
  4 giant cockroaches (D:2)
  8 goblins
  10 hobgoblins
  4 jackals
  8 kobolds
  3 frilled lizards
  A leopard gecko skeleton (D:4)
  9 rats
86 creatures vanquished.

Notes
Turn   | Place    | Note
-------+----------+-------------------------------------------
     0 | D:1      | Bikalo the Deep Elf Conjurer began the quest for the Orb.
     0 | D:1      | Reached XP level 1. HP: 10/10 MP: 6/6
   118 | D:1      | Reached XP level 2. HP: 2/15 MP: 0/8
   444 | D:1      | Reached skill level 5 in Conjurations
   887 | D:2      | Reached XP level 3. HP: 19/19 MP: 9/9
  1289 | D:2      | Learned a level 2 spell: Searing Ray
  1293 | D:2      | Learned a level 3 spell: Dazzling Flash
  1439 | D:2      | Reached XP level 4. HP: 24/24 MP: 4/11
  1450 | D:2      | Reached skill level 1 in Short Blades
  2180 | D:3      | Reached XP level 5. HP: 22/28 MP: 5/12
  3117 | D:4      | Reached skill level 6 in Conjurations
  3120 | D:4      | Reached skill level 1 in Hexes
  3123 | D:4      | Noticed an ogre
  3143 | D:4      | Killed an ogre
  3143 | D:4      | Reached XP level 6. HP: 24/32 MP: 0/14
  3361 | D:4      | Noticed Dowan
  3362 | D:4      | Noticed Duvessa
  3385 | D:4      | Slain by Duvessa

Levels and vault maps discovered:
D:1:      lightli_arrival_isolated_outpost, layout_basic
D:2:      layout_basic
D:3:      layout_basic, minmay_ruptured
D:4:      layout_basic, kennysheep_little_box, serial_shops,
          kennysheep_mini_moat, uniq_duvessa

Skill      XL: |  1  2  3  4  5  6 |
---------------+-------------------+-----
Conjurations   | 5 6 |  6.4
Dodging        | 3 |  3.9
Short Blades   | 1 2 |  2.1
Spellcasting   | 4 |  4.5
Hexes          | 1 2 |  2.0
Fighting       | |  0.1
Stealth        | |  2.4

Action                   |  1- 3 |  4- 6 || total
-------------------------+-------+-------++-------
Melee: Dagger            |    60 |    32 ||    92
 Cast: Magic Dart        |    56 |    58 ||   114
       Searing Ray       |     4 |    13 ||    17
       Dazzling Flash    |       |     3 ||     3
  Eat: Chunk             |     2 |     5 ||     7
Armor: Robe              |     8 |    10 ||    18
Dodge: Dodged            |    51 |    48 ||    99

Table legend:
 A = Non-vault XP
 B = Vault XP
 C = Vault XP percentage of total XP
 D = Non-vault monster count
 E = Vault monster count
 F = Vault count percentage of total count
                 A         B        C        D         E       F
            +---------+---------+-------+---------+---------+-------
      Total |     483 |       5 |   1.0 |      84 |       2 |   2.3
            +---------+---------+-------+---------+---------+-------
        D:1 |      39 |       0 |   0.0 |      24 |       0 |   0.0
        D:2 |      96 |       0 |   0.0 |      24 |       0 |   0.0
        D:3 |      98 |       5 |   4.9 |      23 |       2 |   8.0
        D:4 |     250 |       0 |   0.0 |      13 |       0 |   0.0
            +---------+---------+-------+---------+---------+-------
